 Dungeon Crawl Stone Soup version 0.27-a0-1228-gfd60fd639a (webtiles) character file.

Game seed: 14216612929775108128

800 ZappyNine the Insei (level 7, -7/47 HPs)
             Began as an Octopode Transmuter on June 7, 2021.
             Mangled by a troll (15 damage)
             ... on level 5 of the Dungeon.
             The game lasted 00:08:01 (5967 turns).

ZappyNine the Insei (Octopode Transmuter)           Turns: 5967, Time: 00:08:02

Health: -7/47      AC:  1    Str:  8 (9)  XL:     7   Next: 90%
Magic:  11/11      EV: 14    Int: 15 (16) God:
Gold:   159        SH:  0    Dex: 13 (14) Spells: 6/12 levels left

rFire    . . .     SeeInvis .     - Unarmed
rCold    . . .     Faith    .   (no shield)
rNeg     . . .     Spirit   .   (helmet restricted)
rPois    .         Reflect  .   (no amulet)
rElec    .         Harm     .   (no ring)
rCorr    .         Rampage  .   (no ring)
Will     .....                  (no ring)
Stlth    ++........             (no ring)
HPRegen  0.15/turn              (no ring)
MPRegen  0.12/turn              (no ring)
                                (no ring)
                                (no ring)

@: no status effects
A: almost no armour, amphibious, 8 rings, camouflage 1, gelatinous body 1,
(nimble swimmer 1), tentacles
a: no special abilities


You were on level 5 of the Dungeon.
You visited 1 branch of the dungeon, and saw 5 of its levels.

You collected 159 gold pieces.

Inventory:

Jewellery
 c - an amulet of guardian spirit
 j - a +4 ring of slaying
Scrolls
 a - a scroll of summoning {unknown}
 b - a scroll of fog {unknown}
 f - a scroll of torment {unknown}
 g - 3 scrolls of teleportation {unknown}
 h - 2 scrolls of identify {unknown}
 k - a scroll of enchant armour {unknown}
Potions
 d - a potion of heal wounds
 e - a potion of brilliance


   Skills:
 + Level 3.9 Fighting
 + Level 4.3 Dodging
 + Level 5.1 Unarmed Combat
 - Level 3.1 Spellcasting
 - Level 3.3 Transmutations
 - Level 3.0 Poison Magic


You had 6 spell levels left.
You knew the following spells:

 Your Spells              Type           Power      Damage    Failure   Level
a - Beastly Appendage     Tmut           24%        N/A       4%          1
b - Wereblood             Tmut           12%        N/A       8%          2
c - Spider Form           Tmut/Pois      6%         N/A       16%         3

Your spell library contained the following spells:

 Spells                   Type           Power      Damage    Failure   Level
 Passwall                 Tmut/Erth      5%         N/A       16%         2
 Freeze                   Ice            8%         1d3       21%         1
 Sandblast                Erth           4%         2d4       21%         1
 Frozen Ramparts          Ice            4%         1d2       52%         3
 Ozocubu's Armour         Ice            2%         N/A       52%         3
 Stone Arrow              Conj/Erth      4%         3d7       52%         3
 Ice Form                 Ice/Tmut       7%         N/A       69%         4
 Petrify                  Tmut/Erth      7%         N/A       69%         4
 Hydra Form               Tmut           6%         N/A       80%         5
 Hailstorm                Conj/Ice       2%         3d3       89%         4
 Lee's Rapid Deconstruct  Erth           1%         3d5*      99%         5
 Metabolic Englaciation   Hex/Ice        1%         N/A       99%         5


Dungeon Overview and Level Annotations

Branches:
Dungeon (5/15)
 Temple: D:4-7

Altars:
Fedhas
Okawaru
Ru
Xom
Zin

Shops:
D:1 (

Annotations:
D:2 1 runed translucent door, Crazy Yiuf
D:4 1 runed translucent door, siradein's ghost, amateur MiFi


Innate Abilities, Weirdness & Mutations

You cannot wear most types of armour.
You are amphibious.
You can wear up to eight rings at the same time.
Your skin changes colour to match your surroundings (Stealth+).
Your rubbery body absorbs attacks. (AC +1, EV +1)
((You are camouflaged near water. (Stealth+)))
You have tentacles for arms and can constrict up to eight enemies at once.


Message History

No target in view!
No target in view!
No target in view!
No target in view!
No target in view!
No target in view!
No target in view!
No target in view!
No target in view!
a - a scroll labelled IXUAWK BIUCKU No target in view!
You now have 159 gold pieces (gained 16).
h - 2 scrolls labelled WUTEVU ILYEROE (gained 1)
A troll comes into view.
A troll is nearby!
A troll is nearby!
A troll is nearby!
Casting: Wereblood (safe; 8% risk of failure)
Confirm with . or Enter, or press ? or * to list all spells.
You turn into a venomous arachnid creature.
The troll shouts!
You hit the troll but do no damage.
The troll is poisoned.
You bite the troll!
The troll looks as sick as possible!
The troll is moderately wounded.
The troll bites you! The troll claws you! The troll closely misses you.
You are too injured to fight recklessly!
You are too injured to fight recklessly!
You are too injured to fight recklessly!
You are too injured to fight recklessly!
You hit the troll but do no damage.
The troll looks as sick as possible!
The troll is moderately wounded.
The troll bites you!
* * * LOW HITPOINT WARNING * * *
The troll claws you but does no damage. The troll claws you.
* * * LOW HITPOINT WARNING * * *
Unknown command.
Your transformation is almost over.
Your transformation has ended.
The troll bites you!
You die...

#..... # #...>. ##
#.######..... .###
...##...... .(#
##.#....... #.#
#....#..... #.###
##.##.#.....
##...####..##.......
##..@......########..
.######..##T.#####
##. ........####..##
#.
.####...#####..#####
#. ##.............#
#. ##..#######.###.#
#. #..## .# #. #.##
.. #. #.# #.. .


You could see a troll (poisoned).

Vanquished Creatures
  Grinder (D:5)
  Sigmund (D:2)
  An ogre (D:4)
  A phantom (D:4)
  A scorpion (D:4)
  A water moccasin zombie (D:5)
  An orc priest (D:4)
  Terence (D:2)
  Robin (D:2)
  An adder (D:2)
  An adder skeleton (D:4)
  3 worms (D:2)
  4 dart slugs
  4 orcs (D:4)
  10 endoplasms
  3 giant cockroaches
  15 goblins
  9 hobgoblins
  10 jackals
  4 quokkas
  4 ball pythons
  8 bats
  3 frilled lizards
  3 kobolds
  2 rats
93 creatures vanquished.

Notes
Turn   | Place    | Note
-------+----------+-------------------------------------------
     0 | D:1      | ZappyNine the Octopode Transmuter began the quest for the
                  | Orb.
     0 | D:1      | Reached XP level 1. HP: 13/13 MP: 3/3
    62 | D:1      | Found a faded altar of an unknown god.
   131 | D:1      | Reached XP level 2. HP: 9/18 MP: 3/5
   140 | D:1      | Learned a level 2 spell: Wereblood
  1192 | D:1      | Reached XP level 3. HP: 13/23 MP: 2/6
  1551 | D:1      | Found Unyedax's Antique Weapon Shop.
  1581 | D:1      | Learned a level 3 spell: Spider Form
  2068 | D:2      | Noticed Terence
  2364 | D:2      | Reached skill level 1 in Poison Magic
  2474 | D:2      | Noticed Sigmund
  2479 | D:2      | Killed Terence
  2480 | D:2      | Reached XP level 4. HP: 22/29 MP: 3/7
  2487 | D:2      | Killed Sigmund
  2488 | D:2      | Reached XP level 5. HP: 15/34 MP: 4/9
  2488 | D:2      | Reached XP level 6. HP: 17/39 MP: 4/10
  2823 | D:2      | Noticed Robin
  2851 | D:2      | Killed Robin
  2913 | D:2      | Found a runed translucent door.
  2914 | D:2      | Noticed Crazy Yiuf
  3745 | D:3      | Found a sacrificial altar of Ru.
  4022 | D:4      | Found a runed translucent door.
  4027 | D:4      | Noticed siradein's ghost (amateur MiFi)
  4063 | D:4      | Reached skill level 4 in Unarmed Combat
  4281 | D:4      | Found an iron altar of Okawaru.
  4555 | D:4      | Found a blossoming altar of Fedhas.
  4684 | D:4      | Reached XP level 7. HP: 12/45 MP: 8/11
  5489 | D:4      | Found a shimmering altar of Xom.
  5489 | D:4      | Found a glowing silver altar of Zin.
  5489 | D:4      | Noticed an angel
  5559 | D:5      | Entered Level 5 of the Dungeon
  5695 | D:5      | Noticed Grinder
  5708 | D:5      | Paralysed by Grinder for 5 turns
  5725 | D:5      | Killed Grinder
  5726 | D:5      | Reached skill level 5 in Unarmed Combat
  5930 | D:5      | Noticed a troll
  5967 | D:5      | Mangled by a troll

Illustrated notes

Levels and vault maps discovered:
D:1:      minmay_arrival_plants_in_alcoves, layout_basic,
          hellmonk_ecumenical_altar_slurped_away, serial_shops, shop
D:2:      layout_basic, uniq_crazy_yiuf_cottage, uniq_sigmund, uniq_robin,
          uniq_terence
D:3:      layout_loops_corners, nicolae_ru_awakened_eye,
          chequers_serial_rivers_marsh, minmay_quadrilaterals
D:4:      layout_basic, grunt_temple_overflow_order_and_chaos_1,
          okawaru_ov_weapons_minmay, fedhas_altar_4, ebering_ghost_sewer_d
D:5:      layout_rooms, minmay_temple_entry_butterflies, nrook_mini_vaults,
          uniq_grinder

Skill      XL: |  1  2  3  4  5  6  7 |
---------------+----------------------+-----
Poison Magic   | 1 3 |  3.0
Spellcasting   | 3 |  3.1
Transmutations | 3 |  3.3
Fighting       | 2 3 |  3.9
Unarmed Combat | 4 5 |  5.1
Dodging        | 3 4 |  4.3

Action                   |  1- 3 |  4- 6 |  7- 9 || total
-------------------------+-------+-------+-------++-------
Melee: Unarmed           |    84 |   114 |    43 ||   241
       Tentacles         |    12 |    18 |     5 ||    35
       Constrict         |    26 |    17 |     5 ||    48
       Kick              |     9 |     4 |       ||    13
       Punch             |       |     4 |       ||     4
 Cast: Beastly Appendage |    14 |     3 |       ||    17
       Wereblood         |     4 |     3 |     3 ||    10
       Spider Form       |     1 |     4 |     4 ||     9
  Use: Potion            |       |     2 |     4 ||     6
 Stab: Sleeping          |     7 |     6 |     2 ||    15
Armor: Skin              |    14 |     5 |     8 ||    27
Dodge: Dodged            |    64 |    67 |    17 ||   148

Table legend: (Time is in decaauts)
 A = Elapsed time spent in this place.
 B = Non-inter-level travel time spent in this place.
 C = Inter-level travel time spent in this place.
 D = Time resting spent in this place.
 E = Time spent auto-exploring this place.
 F = Levels seen in this place.
 G = Mean time per level.
                   A        B        C        D        E       F      G
               +--------+--------+--------+--------+--------+-----+--------+
         Total |   5947 |   5804 |    143 |   1124 |   3936 |   5 | 1189.4 |
       Dungeon |   5947 |   5804 |    143 |   1124 |   3936 |   5 | 1189.4 |
               +--------+--------+--------+--------+--------+-----+--------+

Top non-repeatable levels by time:
     D:1: 1629 daAuts
     D:4: 1574 daAuts
     D:2: 1466 daAuts
     D:3: 872 daAuts
     D:5: 404 daAuts
